 Dungeon Crawl Stone Soup version 0.21-a0-444-g29a2fec (webtiles) character file.

238 tamerofbeasts the Slasher (level 5, 0/47 HPs)
             Began as a Draconian Berserker on Nov 17, 2017.
             Was a Priest of Trog.
             Killed from afar by an orc wizard (7 damage)
             ... with a magic dart
             ... on level 4 of the Dungeon.
             The game lasted 00:08:07 (3923 turns).

tamerofbeasts the Slasher (Draconian Berserker)     Turns: 3923, Time: 00:08:08

Health: 0/47       AC:  5    Str: 20    XL:     5   Next: 78%
Magic:  5/5        EV: 13    Int:  7    God:    Trog [***...]
Gold:   134        SH:  0    Dex: 11    Spells: 4/4 levels left

rFire    . . .     SeeInvis .   a - +0 falchion
rCold    . . .     Gourm    .   (no shield)
rNeg     . . .     Faith    .   (armour unavailable)
rPois    .         Spirit   .   (helmet restricted)
rElec    .         Reflect  .   (no cloak)
rCorr    .         Harm     .   (no gloves)
MR       .....                  (no boots)
Stlth    ++........             (no amulet)
HPRegen  0.15/turn              (no ring)
MPRegen  0.09/turn              (no ring)

@: lethally poisoned (0 -> -2), berserk cooldown, slowed, very slow
A: unfitting armour, cold-blooded, AC +5
a: Berserk, Trog's Hand, Burn Spellbooks, Renounce Religion


You were on level 4 of the Dungeon.
You worshipped Trog.
Trog was most pleased with you.
You were very hungry.

You visited 1 branch of the dungeon, and saw 4 of its levels.

You collected 134 gold pieces.

Inventory:

Hand Weapons
 a - a +0 falchion (weapon)
Armour
 l - a +1 helmet
Wands
 b - a wand of enslavement (7/24)
Scrolls
 c - a scroll of immolation {unknown}
 d - a scroll of fog {unknown}
 f - 4 scrolls of identify {unknown}
 g - 2 scrolls of teleportation {unknown}
 h - 2 scrolls of fear {unknown}
 i - 3 scrolls of recharging {unknown}
Potions
 e - a potion of invisibility {unknown}
 j - 2 potions of curing {unknown}
 k - a potion of agility {unknown}
 n - a potion of resistance {unknown}
Comestibles
 m - 2 chunks of flesh


   Skills:
 + Level 4.5 Fighting
 + Level 4.7 Long Blades
 + Level 3.9 Dodging
 + Level 1.2 Stealth


You had 4 spell levels left.
You didn't know any spells.

Dungeon Overview and Level Annotations

Branches:
Dungeon (4/15)
 Temple: D:4-7

Altars:
Ashenzari
Nemelex Xobeh
Trog
Vehumet


Innate Abilities, Weirdness & Mutations

Your plain brown scales are hard. (AC +5)
You cannot fit into any form of body armour.
You are cold-blooded and may be slowed by cold attacks.


Message History

The orc wizard seems to speed up.
The adder skeleton bites you.
You slash the adder skeleton!
You destroy the adder skeleton!
Trog accepts your kill. The quokka misses you.
The orc wizard hits you but does no damage.
Something barely misses you.
You are no longer berserk.
You are exhausted.
You feel yourself slow down. The quokka misses you.
You riposte.
You hit the quokka but do no damage.
The orc wizard hits you but does no damage.
You are electrocuted!
* * * LOW HITPOINT WARNING * * *
You miss something.
You feel sick. The orc wizard barely misses you.
The quokka completely misses you.
You hear some strange, mumbled words.
A magic dart appears from out of thin air!
The magic dart hits you!
You die...

######.#####.
.......##... .#
>......... .#
#.#..##.#### ..#
#..........#...#
##.........#...#
#..............#
#.......{@r...###
#...#...#.o.)......
## #...##.......#.
#...##.###.....
#...##.# .....
#...##.# ....
#...##.# ... .##
#...##.. .#.
.....#####...#####.


You could see an orc wizard and a quokka.

Vanquished Creatures
  A howler monkey (D:3)
  A hound (D:4)
  Robin (D:2)
  6 adders
  2 adder skeletons (D:4)
  3 dart slugs
  A leopard gecko (D:2)
  2 orcs
  12 bats
  5 giant cockroaches
  15 goblins
  16 hobgoblins
  5 jackals (D:3)
  2 frilled lizards
  7 kobolds
  6 rats
85 creatures vanquished.

Vanquished Creatures (others)
  A hobgoblin (D:3)
  A kobold (D:3)
2 creatures vanquished.

Grand Total: 87 creatures vanquished

Notes
Turn   | Place    | Note
-------+----------+-------------------------------------------
     0 | D:1      | tamerofbeasts the Draconian Berserker began the quest for the Orb.
     0 | D:1      | Reached XP level 1. HP: 19/19 MP: 1/1
   114 | D:1      | Reached XP level 2. HP: 9/26 MP: 2/2
   648 | D:1      | Reached XP level 3. HP: 33/33 MP: 3/3
   885 | D:1      | Reached ** piety under Trog
  1452 | D:2      | Found a sparkling altar of Nemelex Xobeh.
  1535 | D:2      | Noticed Robin
  1544 | D:2      | Killed Robin
  1549 | D:2      | Reached XP level 4. HP: 30/40 MP: 4/4
  2693 | D:3      | Reached skill level 1 in Stealth
  2693 | D:3      | Reached XP level 5. HP: 16/47 MP: 5/5
  2938 | D:3      | Found a radiant altar of Vehumet.
  3078 | D:3      | Found a shattered altar of Ashenzari.
  3079 | D:3      | Found a bloodstained altar of Trog.
  3387 | D:3      | Reached *** piety under Trog
  3923 | D:4      | Killed from afar by an orc wizard

Vault maps used:
D:1:      dpeg_arrival_chambers_temple_mockup
D:2:      kennysheep_another_room, nemelex_lonely_heart_becter, uniq_robin
D:3:      minmay_door_path, fiery_altar_vehumet,
          gammafunk_temple_overflow_statue
D:4:      grunt_qazlal_sundering, minmay_temple_entry_mist

Skill      XL: |  1  2  3  4 |
---------------+-------------+-----
Dodging        | 3 |  3.9
Fighting       | 4 |  4.5
Long Blades    | 4 |  4.7
Stealth        | 1 |  1.2

Action                   |  1- 3 |  4- 6 || total
-------------------------+-------+-------++-------
Melee: Falchion          |    96 |   118 ||   214
       Tailslap          |    17 |    13 ||    30
Invok: Berserk           |     1 |     1 ||     2
 Stab: Sleeping          |     2 |       ||     2
  Eat: Bread ration      |     1 |       ||     1
       Royal jelly       |     1 |       ||     1
       Chunk             |       |     4 ||     4
Armor: Skin              |    31 |    60 ||    91
Dodge: Dodged            |   101 |   129 ||   230
       Rpst.: Falchion   |    33 |    36 ||    69

Table legend:
 A = Spawn XP
 B = Non-spawn XP
 C = Spawn XP percentage of total XP
 D = Spawn monster count
 E = Non-spawn monster count
 F = Spawn count percentage of total count
 G = Total turns spent on level
                    A         B        C        D         E        F      G
               +---------+---------+-------+---------+---------+-------+---------
         Total |       0 |     340 |   0.0 |       0 |      85 |   0.0 |  3923
               +---------+---------+-------+---------+---------+-------+---------
           D:1 |       0 |      53 |   0.0 |       0 |      29 |   0.0 |  1265
           D:2 |       0 |     113 |   0.0 |       0 |      29 |   0.0 |  1396
           D:3 |       0 |     105 |   0.0 |       0 |      22 |   0.0 |  1230
           D:4 |       0 |      69 |   0.0 |       0 |       5 |   0.0 |    32
               +---------+---------+-------+---------+---------+-------+---------
